AoeStats
← Javier Milei

Black Forest

508293176Analyzed
3v3 RM · 11d ago on Sep 21, 2026· 40m 38s· 6 players
Game mode
Random Map
Map size
Normal (6 player)
Population
200
Speed
Normal
Resources
Standard
Victory
Conquest
Starting age
Dark Age
Ending age
Imperial Age
RankedLock teamsTeams togetherTeam positionsShared explorationLock speedFull tech treeHidden civsTurbo modeCheats
Victory
Defeat
🇧🇷 Tupi · Brazil
706
+16
🇧🇪 Persians · Belgium
678
+17
🇺🇸 Mongols · United States
671
+17
🇪🇸 Hindustanis · Spain
748
-18
🇪🇸 Khmer · Spain
701
-17
🇪🇸 Portuguese · Spain
656
-15
Shirasoni
1:31 Loom
13:40 Feudal Age
14:27 Double-Bit Axe
15:28 Horse Collar
24:04 Castle Age
22:26 Fletching
24:55 Heavy Plow
25:11 Bow Saw
25:51 Stone Mining
25:54 Gold Mining
27:01 Wheelbarrow
33:53 Imperial Age
34:09 Hand Cart
33:43 Man-at-Arms
34:26 Scale Mail Armor
34:25 Bodkin Arrow
34:42 Forging
34:34 Padded Archer Armor
35:11 Long Swordsman
35:53 Squires
36:09 Two-Handed Swordsman
36:35 Arson
37:08 Chain Mail Armor
37:29 Iron Casting
39:24 Caravan
39:29 Champion
Tegridade
0:37 Loom
10:17 Feudal Age
15:50 Double-Bit Axe
16:34 Champi Runner
18:28 Gold Mining
27:22 Castle Age
26:40 Stone Mining
27:31 Champi Warrior
33:11 Squires
34:14 Crossbowman
AlarmingSquid25
0:53 Loom
11:33 Feudal Age
20:04 Castle Age
18:01 Stone Mining
18:02 Gold Mining
18:15 Double-Bit Axe
18:27 Horse Collar
19:54 Wheelbarrow
19:15 Town Watch
21:21 Heavy Plow
21:35 Bow Saw
22:14 Gold Shaft Mining
25:54 Kamandaran
26:13 Fletching
28:52 Thumb Ring
28:15 Crossbowman
30:07 Bodkin Arrow
33:55 Imperial Age
31:30 Padded Archer Armor
32:11 Ballistics
33:09 Leather Archer Armor
33:06 Masonry
34:56 Conscription
35:13 Hoardings
37:47 Chemistry
37:18 Architecture
37:29 Ring Archer Armor
39:35 Scale Barding Armor
39:41 Forging
39:32 Scale Mail Armor
40:50 Town Patrol
41:05 Hand Cart
hectorfoot
0:33 Loom
15:24 Feudal Age
24:15 Castle Age
22:44 Man-at-Arms
23:10 Arson
24:31 Pikeman
38:57 Imperial Age
37:16 Forging
37:08 Scale Mail Armor
38:07 Elite Skirmisher
40:13 Murder Holes
Javier Milei
0:59 Loom
17:14 Feudal Age
27:08 Castle Age
27:05 Horse Collar
27:15 Double-Bit Axe
27:43 Forging
27:34 Padded Archer Armor
27:27 Fletching
30:54 Wheelbarrow
29:47 Elite Skirmisher
30:51 Bow Saw
31:25 Stone Mining
37:30 Bodkin Arrow
38:13 Iron Casting
tHe ChArLyEr
0:55 Loom
15:29 Feudal Age
21:28 Castle Age
19:57 Horse Collar
20:05 Double-Bit Axe
20:15 Gold Mining
20:19 Stone Mining
21:36 Town Watch
21:25 Man-at-Arms
22:02 Elite Skirmisher
23:01 Long Swordsman
39:04 Wheelbarrow
Connection lost

Rejoining the realm…

Still unreachable

The connection could not be restored.

Session expired

The server has moved on; the page needs a fresh start.